 Dungeon Crawl Stone Soup version 0.26.0-10-g1f06aea511 (webtiles) character file.

Game seed: 18047387496733840885

379 lastplaneout the Conjurer (level 6, -2/53 HPs)
             Began as an Ogre Hedge Wizard on Jan 14, 2021.
             Slain by Sigmund
             ... wielding a +0 scythe
              (10 damage)
             ... on level 3 of the Dungeon.
             The game lasted 00:08:35 (3497 turns).

lastplaneout the Conjurer (Ogre Hedge Wizard)       Turns: 3497, Time: 00:08:36

Health: -2/53      AC:  3    Str: 15    XL:     6   Next: 74%
Magic:  11/11      EV: 10    Int: 17    God:
Gold:   157        SH:  0    Dex:  8    Spells: 2/12 levels left

rFire    . . .     SeeInvis .   g - +4 dagger (venom)
rCold    . . .     Faith    .   (no shield)
rNeg     . . .     Spirit   .   b - +0 robe
rPois    .         Reflect  .   c - +0 hat
rElec    .         Harm     .   (no cloak)
rCorr    .         Rampage  .   (gloves unavailable)
Will     .....                  (boots unavailable)
Stlth    +.........             j - amulet of magic regeneration
HPRegen  0.17/turn              (no ring)
MPRegen  0.37/turn              (no ring)

@: no status effects
A: large, unfitting armour, tough skin 1
a: no special abilities


You were on level 3 of the Dungeon.
You visited 1 branch of the dungeon, and saw 4 of its levels.

You collected 157 gold pieces.

Inventory:

Hand Weapons
 g - a +4 dagger of venom (weapon)
Armour
 b - a +0 robe (worn)
 c - a +0 hat (worn)
Jewellery
 j - an amulet of magic regeneration (around neck)
Wands
 p - a wand of acid (8)
Scrolls
 a - a scroll of fear
 d - a scroll of identify
 e - a scroll of enchant weapon {unknown}
 f - 4 scrolls of remove curse {unknown}
 l - a scroll of teleportation {unknown}
 m - a scroll of noise {unknown}
Potions
 h - 4 potions of curing
 i - a potion of cancellation {unknown}
 n - a potion of might {unknown}
 o - a potion of brilliance {unknown}
 q - a potion of lignification {unknown}
 r - a potion of degeneration {unknown}


   Skills:
 - Level 1.7 Dodging
 - Level 1.4 Stealth
 - Level 3.6 Spellcasting
 + Level 6.0 Conjurations
 + Level 1.2 Summonings
 + Level 1.1 Translocations


You had 2 spell levels left.
You knew the following spells:

 Your Spells              Type           Power        Failure   Level
a - Magic Dart            Conj           92%          1%          1
b - Blink                 Tloc           N/A          16%         2
c - Call Imp              Summ           7%           16%         2
d - Slow                  Hex            3%           26%         2
e - Conjure Flame         Conj/Fire      13%          14%         3

Your spell library contained the following spells:

 Spells                   Type           Power        Failure   Level
 Mephitic Cloud           Conj/Pois/Air  9%           22%         3


Dungeon Overview and Level Annotations

Branches:
Dungeon (4/15)
 Temple: D:4-7

Altars:
Ashenzari
Makhleb
Trog
Uskayaw
Wu Jian
The Shining One

Annotations:
D:3 Sigmund


Innate Abilities, Weirdness & Mutations

You are too large for most types of armour.
You have tough skin. (AC +1)


Message History

Sigmund is severely wounded.
Sigmund barely misses you.
You barely miss Sigmund.
Sigmund is severely wounded.
Sigmund gestures at himself while chanting.
Sigmund flickers and vanishes!
Deactivating autopickup; reactivate with Ctrl-A.
You feel much better. Something hits you.
A puff of flame appears from out of thin air!
The puff of flame hits you!
You hear some strange, mumbled words.
Something tries to affect you, but you resist.
A magic dart appears from out of thin air!
The magic dart hits you! Something hits you!
You hit something. You hit something but do no damage. Something hits you!
* * * LOW HITPOINT WARNING * * *
You hit something. Something hits you!
You die...

######## ####### #....... ......#
#######.######
#####.##############.........####
...............{@..#.###....†...#
####.#############.#.# #.#.#.##.#
#.# #######.#.# #.#.#.##.# #.#
#.........# #.#.#.##.# # ##.##
#.#####.#.# #...#.##.# ###...#
#.#.# #.###.##.# ....#..#
#.#####.#.###.# #.##.. ##.###....
...........##.###.#### ##..#
.###########.#.........


There were no monsters in sight!

Vanquished Creatures
  Grinder (D:3)
  An orc priest (D:4)
  A bullfrog skeleton (D:4)
  A hound skeleton (D:4)
  3 adders
  4 dart slugs
  A leopard gecko (D:4)
  4 orcs (D:4)
  5 giant cockroaches
  5 goblins
  8 hobgoblins
  6 jackals
  4 kobolds
  2 quokkas
  2 ball pythons (D:1)
  11 bats
  6 frilled lizards
  A leopard gecko skeleton (D:4)
  7 rats
73 creatures vanquished.

Notes
Turn   | Place    | Note
-------+----------+-------------------------------------------
     0 | D:1      | lastplaneout the Ogre Hedge Wizard began the quest for the
                  | Orb.
     0 | D:1      | Reached XP level 1. HP: 16/16 MP: 5/5
    63 | D:1      | Reached skill level 1 in Conjurations
    64 | D:1      | Reached skill level 1 in Summonings
    64 | D:1      | Reached skill level 1 in Translocations
   337 | D:1      | Reached XP level 2. HP: 24/24 MP: 1/6
   762 | D:1      | Reached skill level 2 in Conjurations
   837 | D:1      | Learned a level 2 spell: Blink
   840 | D:1      | Learned a level 2 spell: Call Imp
   843 | D:1      | Learned a level 2 spell: Slow
   969 | D:1      | Reached XP level 3. HP: 29/31 MP: 5/8
  1347 | D:2      | Found a broken altar of Ashenzari.
  1357 | D:2      | Found a glowing golden altar of the Shining One.
  1363 | D:2      | Found an ornate altar of the Wu Jian Council.
  1363 | D:2      | Found a burning altar of Makhleb.
  1368 | D:2      | Found a hide-covered altar of Uskayaw.
  1370 | D:2      | Found a bloodstained altar of Trog.
  1506 | D:2      | Reached skill level 3 in Conjurations
  1781 | D:2      | Reached XP level 4. HP: 39/39 MP: 9/9
  2159 | D:2      | You fall into a shaft and drop 2 floors!
  2225 | D:4      | Reached skill level 4 in Conjurations
  2225 | D:4      | Reached XP level 5. HP: 21/45 MP: 8/10
  2912 | D:3      | Noticed Grinder
  3064 | D:2      | Learned a level 3 spell: Conjure Flame
  3137 | D:3      | Killed Grinder
  3138 | D:3      | Reached skill level 5 in Conjurations
  3138 | D:3      | Reached XP level 6. HP: 53/53 MP: 9/11
  3445 | D:3      | Reached skill level 6 in Conjurations
  3450 | D:3      | Noticed Sigmund
  3497 | D:3      | Slain by Sigmund

Illustrated notes

Levels and vault maps discovered:
D:1:      evilmike_arrival_crescent, layout_basic,
          hangedman_decor_clover_reticule
D:2:      layout_basic, minitemple
D:3:      layout_loops_ring, uniq_sigmund, uniq_grinder
D:4:      layout_basic, minmay_temple_entry_gardened_gates, uniq_robin

Skill      XL: |  1  2  3  4  5  6 |
---------------+-------------------+-----
Conjurations   | 1 2 3 4 5 6 |  6.0
Summonings     | 1 |  1.2
Translocations | 1 |  1.1
Dodging        | |  1.7
Stealth        | |  1.4
Spellcasting   | |  3.6

Action                   |  1- 3 |  4- 6 || total
-------------------------+-------+-------++-------
Melee: Dagger            |    70 |    92 ||   162
 Cast: Magic Dart        |    53 |    21 ||    74
  Use: Scroll            |     4 |     2 ||     6
       Potion            |       |     4 ||     4
Armor: Robe              |    25 |    26 ||    51
Dodge: Dodged            |    42 |    53 ||    95
